 Dungeon Crawl Stone Soup version 0.31-a0-152-g6aa68a64a1 (webtiles) character file.

Game seed: 12426280167426336633

28802 qw the Marksnaga (level 13, -11/123 HPs)
             Began as a Naga Hunter on June 10, 2023.
             Was an Elder of Okawaru.
             Mangled by a death yak (14 damage)
             ... on level 5 of the Lair of Beasts.
             The game lasted 00:05:58 (13516 turns).

qw the Marksnaga (Naga Hunter)                     Turns: 13516, Time: 00:05:59

Health: -11/123    AC: 13    Str: 14    XL:     13   Next: 41%
Magic:  20/20      EV: 16    Int:  5    God:    Okawaru [****..]
Gold:   607        SH:  0    Dex: 20    Spells: 12/12 levels left

rFire   + . .        r - +1 orcbow (heavy)
rCold   + + +        (shield currently unavailable)
rNeg    + + +        g - +0 troll leather armour
rPois   +            j - +1 helmet
rElec   .            (no cloak)
rCorr   .            b - +2 pair of gloves of Wu Jian's Pride {*Corrode rC+++ rN+++ Int-4}
SInv    +            (no barding)
Will    +....        f - amulet of regeneration
Stlth   +++          c - +4 ring of slaying {mikee}
HPRegen 2.00/turn    h - ring of protection from fire
MPRegen 0.17/turn

%: corrode self (3%)
@: heroic, very slow
A: AC +4, large, see invisible, deformed body, poison resistance, slowness 2,
spit poison 1, naga tail 2
a: Spit Poison, Renounce Religion, Heroism, Finesse


You were on level 5 of the Lair of Beasts.
You worshipped Okawaru.
Okawaru was greatly pleased with you.
You visited 2 branches of the dungeon, and saw 15 of its levels.

You collected 1051 gold pieces.
You spent 444 gold pieces at shops.


Innate Abilities, Weirdness & Mutations

Your serpentine skin is tough. (AC +4)
You have supernaturally acute eyesight. (SInv)
Armour fits poorly on your strangely shaped body.
Your system is resistant to poisons. (rPois)
You cover ground very slowly.
You can spit poison.
You can use your snake-like lower body to constrict enemies.


   Skills:
 - Level 10.0(15.0) Fighting
 + Level 15.3(20.3) Ranged Weapons
 - Level 3.1(8.1) Armour
 - Level 6.0(11.0) Dodging
 - Level 1.5(6.5) Stealth
 - Level 10.0 Invocations


You had 12 spell levels left.
You didn't know any spells.
Your spell library was empty.

Inventory:

Hand Weapons
 r - a +1 heavy orcbow (weapon)
Armour
 b - the +2 pair of gloves of Wu Jian's Pride (worn) {*Corrode rC+++ rN+++ Int-4}
   (You found it on level 2 of the Dungeon)

   Int:       It affects your intelligence (-4).
   rC:        It renders you almost immune to cold.
   rN:        It renders you almost immune to negative energy.
   *Corrode:  It may corrode you when you take damage.
 d - a +1 leather armour of fire resistance
 g - a +0 troll leather armour (worn)
 j - a +1 helmet (worn)
 s - a +2 pair of gloves
Jewellery
 a - a +6 ring of strength
 c - a +4 ring of slaying (left hand) {mikee}
 f - an amulet of regeneration (around neck)
 h - a ring of protection from fire (right hand)
 m - a ring of ice
 q - an amulet of guardian spirit
 t - a +6 ring of dexterity
Scrolls
 e - a scroll of identify
Potions
 i - a potion of resistance
 k - a potion of curing
 l - 4 potions of mutation
 n - a potion of haste
 o - 2 potions of cancellation
 p - 3 potions of might

Dungeon Overview and Level Annotations

Branches:
Dungeon (11/15)            Temple (0/1) D:6            Lair (3/5) D:11
  Swamp (0/4) Lair:2          Orc (0/2) D:11
  Snake: Lair:2-3    Spider: Lair:2-3

Altars:
Ashenzari
Elyvilon
Fedhas
Hepliaklqana
Kikubaaqudgha
Nemelex Xobeh
Okawaru
Sif Muna
Trog
Vehumet
Wu Jian
Yredelemnul
Zin
The Shining One

Shops:
D:1 =   D:2 [*!?   D:10 =

Portals:
Volcano: Lair:3

Annotations:
D:3 1 runed translucent door
Lair:1 2 runed translucent doors, qw's ghost, novice GrHu


Message History

You shoot an arrow. The arrow hits the yak.
The yak is lightly wounded.
The yak gores you! The yak barely misses you.
You shoot an arrow. The arrow hits the yak!
The yak is heavily wounded.
The death yak misses you.
The yak gores you but does no damage. x3
The death yak barely misses you. The yak gores you.
You shoot an arrow. The arrow hits the yak!!
The yak is almost dead.
The yak closely misses you. The death yak gores you! The yak gores you!
You shoot an arrow. The arrow hits the yak.
You kill the yak!
Okawaru accepts your kill. The yak closely misses you.
The death yak barely misses you.
You shoot an arrow. The arrow hits the yak!!
The yak is severely wounded.
The yak gores you but does no damage. The death yak gores you!
The yak misses you.
You shoot an arrow. The arrow hits the yak.
The yak is severely wounded.
The yak gores you! The death yak closely misses you. The yak misses you.
You shoot an arrow. The arrow barely misses the yak.
The yak gores you but does no damage. The death yak gores you!
The yak misses you.
You shoot an arrow. The arrow hits the yak!
You kill the yak!
Okawaru accepts your kill.
The death yak gores you but does no damage.
The yak gores you.
You shoot an arrow. The arrow hits the yak!!
The yak is heavily wounded.
The death yak completely misses you. The yak barely misses you.
You shoot an arrow. The arrow hits the yak!!
You kill the yak!
Okawaru accepts your kill. The death yak gores you.
You shoot an arrow.
The arrow hits the death yak but does no damage.
The death yak gores you!
You die...

..... #. ..... .
..... .# ....# .## .#
....# ### ..# ..P
....# ##.###
#.###...# ....#
##....####Y%......
....###......##.@%..#
.....###......#...###
.....# #..##.....##
....[# #...###.###
.....####...#### ##
......# ##...###P.#
......## ##.....P#
.......###......##
..........%8......#


You could see a death yak.

Vanquished Creatures
  Fannar (D:11)
  A hydra (Lair:2)
  A boulder beetle (D:11)
  A catoblepas (Lair:5)
  Harold (Lair:2)
  4 two-headed ogres
  2 death yaks (Lair:5)
  Urug (Lair:2)
  Nergalle (Lair:2)
  An ugly thing (D:11)
  A black mamba (Lair:2)
  4 elephants (Lair:1)
  8 cane toads (Lair:1)
  5 komodo dragons
  5 trolls
  A merfolk (D:11)
  A hornet (D:8)
  3 blink frogs (Lair:3)
  2 wyverns
  A shadow (D:11)
  28 yaks
  2 wraiths (D:10)
  Eustachio (D:4)
  3 basilisks
  2 hogs (D:11)
  A steam dragon (D:8)
  2 acid dragons (D:10)
  8 water moccasins
  2 orc warriors
  14 black bears
  2 ogres
  7 centaurs
  4 wolves (Lair:2)
  5 kobold brigands
  21 bullfrogs
  5 gnoll sergeants
  14 wights
  4 killer bees (D:10)
  7 electric eels (D:11)
  5 howler monkeys
  4 jellies
  4 orc priests
  3 hounds
  Ijyb (D:3)
  A gnoll bouda (D:6)
  4 hell rats (Lair:2)
  A human skeleton (D:3)
  11 orc wizards
  A sleepcap (D:8)
  16 gnolls
  10 adders
  A shadow imp (D:6)
  A white imp (D:8)
  An ufetubus (D:6)
  4 worms
  A dart slug (D:2)
  28 orcs
  6 ball pythons
  4 bats
  9 endoplasms
  7 giant cockroaches
  14 goblins
  6 hobgoblins
  7 jackals
  A quokka (D:2)
  3 frilled lizards (D:1)
  A goblin zombie (D:3)
  25 kobolds
  6 rats
363 creatures vanquished.

Notes
Turn   | Place    | Note
-------+----------+-------------------------------------------
     0 | D:1      | qw the Naga Hunter began the quest for the Orb.
     0 | D:1      | Reached XP level 1. HP: 19/19 MP: 1/1
     0 | D:1      | 0 ||| qw: Version: 0.2-a-123-gb51047a
     0 | D:1      | 0 ||| qw: Game counter: 3785
     0 | D:1      | 0 ||| qw: Always use a shield: true
     0 | D:1      | 0 ||| qw: God list: Okawaru
     0 | D:1      | 0 ||| qw: Allow faded altars: false
     0 | D:1      | 0 ||| qw: Do Orc after D:15 true
     0 | D:1      | 0 ||| qw: Do second Lair branch before Depths: true
     0 | D:1      | 0 ||| qw: Lair rune preference: random
     0 | D:1      | 0 ||| qw: Plans: Normal
     0 | D:1      | 0 ||| PLANNING D:1-11
    11 | D:1      | 11 ||| DROPPING scroll of butterflies.
    14 | D:1      | 14 ||| INVOKING Spit Poison.
    62 | D:1      | 62 ||| INVOKING Spit Poison.
    83 | D:1      | 83 ||| INVOKING Spit Poison.
    88 | D:1      | 88 ||| INVOKING Spit Poison.
    89 | D:1      | Reached skill level 4 in Ranged Weapons
    89 | D:1      | Reached XP level 2. HP: 9/26 MP: 2/2
   206 | D:1      | 206 ||| INVOKING Spit Poison.
   258 | D:1      | 258 ||| INVOKING Spit Poison.
   262 | D:1      | 262 ||| INVOKING Spit Poison.
   263 | D:1      | Reached XP level 3. HP: 26/32 MP: 3/3
   336 | D:1      | 336 ||| INVOKING Spit Poison.
   341 | D:1      | 341 ||| INVOKING Spit Poison.
   347 | D:1      | 347 ||| INVOKING Spit Poison.
   359 | D:1      | 359 ||| INVOKING Spit Poison.
   387 | D:1      | 387 ||| INVOKING Spit Poison.
   572 | D:1      | Found Feg Hush's Jewellery Emporium.
   586 | D:1      | 586 ||| SHOPLISTING +5 ring of evasion (504 gold, have 16).
   586 | D:1      | 586 ||| SHOPLISTING +6 ring of dexterity (504 gold, have
                  | 16).
   586 | D:1      | 586 ||| SHOPLISTING ring of ice (350 gold, have 16).
   586 | D:1      | 586 ||| SHOPLISTING ring of protection from cold (350 gold,
                  | have 16).
   589 | D:1      | 589 ||| UPGRADING to +0 helmet.
   594 | D:1      | 594 ||| UPGRADING to +6 ring of strength.
   595 | D:1      | 595 ||| DROPPING +6 ring of intelligence.
   596 | D:1      | 596 ||| UPGRADING to ring of resist corrosion.
   597 | D:1      | 597 ||| READING scroll labelled YRYMEALLIGH.
   598 | D:1      | 598 ||| READING scroll labelled UCOBOR BIHUDAR.
   699 | D:1      | 699 ||| READING scroll labelled WEJILOE FIAD.
   700 | D:1      | 700 ||| READING scroll labelled DADU ZIELEQ.
   701 | D:1      | 701 ||| READING scroll labelled MUROHE ADADO.
   739 | D:2      | 739 ||| INVOKING Spit Poison.
   743 | D:2      | 743 ||| INVOKING Spit Poison.
   745 | D:2      | Reached skill level 5 in Ranged Weapons
   745 | D:2      | Reached XP level 4. HP: 31/39 MP: 4/4
   779 | D:2      | 779 ||| INVOKING Spit Poison.
   792 | D:2      | 792 ||| INVOKING Spit Poison.
   800 | D:2      | 800 ||| INVOKING Spit Poison.
   803 | D:2      | 803 ||| INVOKING Spit Poison.
   809 | D:2      | Identified the +2 pair of gloves of Wu Jian's Pride
                  | {*Corrode rC+++ rN+++ Int-4}
   819 | D:2      | 819 ||| INVOKING Spit Poison.
   825 | D:2      | 825 ||| INVOKING Spit Poison.
   836 | D:2      | Identified the +6 hand axe of the Scorching Gods {heavy,
                  | rPois Will+ rCorr Int-3 Dex+2}
   840 | D:2      | 840 ||| INVOKING Spit Poison.
   845 | D:2      | Found Wutelir's General Store.
   852 | D:2      | 852 ||| SHOPLISTING +1 longbow of flaming (261 gold, have
                  | 16).
   852 | D:2      | 852 ||| SHOPLISTING potion of curing (42 gold, have 16).
   852 | D:2      | 852 ||| SHOPLISTING potion of heal wounds (70 gold, have
                  | 16).
   890 | D:2      | 890 ||| INVOKING Spit Poison.
   893 | D:2      | 893 ||| INVOKING Spit Poison.
   937 | D:2      | Found Goroelem's Distillery.
   942 | D:2      | 942 ||| SHOPLISTING potion of curing (42 gold, have 26).
   942 | D:2      | 942 ||| SHOPLISTING potion of resistance (140 gold, have
                  | 26).
   972 | D:2      | 972 ||| INVOKING Spit Poison.
  1060 | D:2      | 1060 ||| INVOKING Spit Poison.
  1061 | D:2      | 1061 ||| INVOKING Spit Poison.
  1125 | D:2      | Found Qiododac's Antique Armour Shoppe.
  1135 | D:2      | 1135 ||| INVOKING Spit Poison.
  1139 | D:2      | 1139 ||| INVOKING Spit Poison.
  1178 | D:2      | Found Keof's Magic Scroll Emporium.
  1180 | D:2      | 1180 ||| INVOKING Spit Poison.
  1186 | D:2      | 1186 ||| BUYING scroll of identify (24 gold).
  1186 | D:2      | Bought a scroll of identify for 24 gold pieces
  1186 | D:2      | 1186 ||| SHOPLISTING scroll of identify (24 gold, have 2).
  1186 | D:2      | 1186 ||| SHOPLISTING scroll of teleportation (36 gold, have
                  | 2).
  1285 | D:2      | 1285 ||| SHOPLISTING pair of embroidered gloves (217 gold,
                  | have 2).
  1413 | D:2      | 1413 ||| UPGRADING to +2 pair of gloves of Wu Jian's Pride
                  | {*Corrode rC+++ rN+++ Int-4}.
  1418 | D:2      | 1418 ||| UPGRADING to +1 leather armour of fire resistance.
  1428 | D:2      | 1428 ||| DROPPING +0 leather armour.
  1429 | D:2      | 1429 ||| UPGRADING to ring of protection from fire.
  1431 | D:2      | 1431 ||| UPGRADING to +6 ring of strength.
  1433 | D:2      | 1433 ||| READING scroll labelled LOIKIW NOUC.
  1458 | D:3      | Reached skill level 3 in Fighting
  1458 | D:3      | 1458 ||| INVOKING Spit Poison.
  1495 | D:3      | 1495 ||| INVOKING Spit Poison.
  1502 | D:3      | 1502 ||| INVOKING Spit Poison.
  1507 | D:3      | 1507 ||| INVOKING Spit Poison.
  1508 | D:3      | Reached XP level 5. HP: 45/49 MP: 5/5
  1532 | D:3      | 1532 ||| READING scroll of brand weapon.
  1532 | D:3      | 1532 ||| BRANDING +1 shortbow of draining.
  1543 | D:3      | 1543 ||| INVOKING Spit Poison.
  1569 | D:3      | 1569 ||| INVOKING Spit Poison.
  1574 | D:3      | 1574 ||| INVOKING Spit Poison.
  1704 | D:3      | Found a runed translucent door.
  1704 | D:3      | Noticed a human
  1713 | D:3      | Found a basalt altar of Yredelemnul.
  1713 | D:3      | Noticed Ijyb
  1716 | D:3      | 1716 ||| INVOKING Spit Poison.
  1720 | D:3      | 1720 ||| INVOKING Spit Poison.
  1721 | D:3      | Killed Ijyb
  1723 | D:3      | 1723 ||| INVOKING Spit Poison.
  1865 | D:3      | 1865 ||| INVOKING Spit Poison.
  1869 | D:3      | 1869 ||| INVOKING Spit Poison.
  2006 | D:3      | Found an ancient bone altar of Kikubaaqudgha.
  2096 | D:3      | 2096 ||| INVOKING Spit Poison.
  2099 | D:3      | 2099 ||| INVOKING Spit Poison.
  2101 | D:3      | Reached skill level 6 in Ranged Weapons
  2102 | D:3      | 2102 ||| INVOKING Spit Poison.
  2103 | D:3      | Reached XP level 6. HP: 47/56 MP: 6/6
  2106 | D:3      | 2106 ||| INVOKING Spit Poison.
  2240 | D:3      | 2240 ||| INVOKING Spit Poison.
  2243 | D:3      | 2243 ||| INVOKING Spit Poison.
  2247 | D:3      | 2247 ||| Stepping ~*~*~tactically~*~*~ (outnumbered).
  2249 | D:3      | 2249 ||| INVOKING Spit Poison.
  2254 | D:3      | 2254 ||| INVOKING Spit Poison.
  2257 | D:3      | 2257 ||| INVOKING Spit Poison.
  2392 | D:3      | 2392 ||| INVOKING Spit Poison.
  2483 | D:3      | 2483 ||| INVOKING Spit Poison.
  2749 | D:3      | 2749 ||| DROPPING ring of resist corrosion.
  2750 | D:3      | 2750 ||| UPGRADING to +4 ring of slaying {mikee}.
  2752 | D:3      | 2752 ||| UPGRADING to ring of protection from fire.
  2826 | D:4      | 2826 ||| INVOKING Spit Poison.
  2827 | D:4      | 2827 ||| STAIRDANCE
  2832 | D:3      | 2832 ||| INVOKING Spit Poison.
  2949 | D:4      | 2949 ||| INVOKING Spit Poison.
  2952 | D:4      | 2952 ||| INVOKING Spit Poison.
  2971 | D:4      | 2971 ||| INVOKING Spit Poison.
  3110 | D:4      | 3110 ||| INVOKING Spit Poison.
  3201 | D:4      | 3201 ||| INVOKING Spit Poison.
  3205 | D:4      | Noticed Eustachio
  3206 | D:4      | 3206 ||| INVOKING Spit Poison.
  3210 | D:4      | 3210 ||| INVOKING Spit Poison.
  3211 | D:4      | Killed Eustachio
  3212 | D:4      | Reached XP level 7. HP: 56/64 MP: 7/7
  3410 | D:4      | Found a sparkling altar of Nemelex Xobeh.
  3445 | D:4      | 3445 ||| INVOKING Spit Poison.
  3448 | D:4      | 3448 ||| INVOKING Spit Poison.
  3449 | D:4      | Reached skill level 7 in Ranged Weapons
  3487 | D:4      | 3487 ||| INVOKING Spit Poison.
  3808 | D:4      | Found an iron altar of Okawaru.
  3809 | D:4      | 3809 ||| PLANNING OKAWARU WORSHIP
  3809 | D:4      | 3809 ||| READING 2 scrolls of identify.
  3809 | D:4      | 3809 ||| IDENTIFYING lumpy emerald potion
  3810 | D:4      | 3810 ||| DROPPING potion of berserk rage.
  3868 | D:4      | Became a worshipper of Warmaster Okawaru
  3868 | D:4      | 3868 ||| PLANNING D:1-11
  3889 | D:5      | Entered Level 5 of the Dungeon
  3901 | D:5      | 3901 ||| INVOKING Spit Poison.
  3908 | D:5      | 3908 ||| INVOKING Spit Poison.
  3912 | D:5      | 3912 ||| INVOKING Spit Poison.
  3915 | D:5      | 3915 ||| INVOKING Spit Poison.
  4014 | D:5      | 4014 ||| Stepping ~*~*~tactically~*~*~ (outnumbered).
  4015 | D:5      | 4015 ||| INVOKING Spit Poison.
  4018 | D:5      | 4018 ||| INVOKING Spit Poison.
  4023 | D:5      | 4023 ||| INVOKING Spit Poison.
  4025 | D:5      | Reached skill level 1 in Armour
  4027 | D:5      | 4027 ||| INVOKING Spit Poison.
  4032 | D:5      | 4032 ||| INVOKING Spit Poison.
  4313 | D:5      | 4313 ||| INVOKING Spit Poison.
  4345 | D:5      | Found a hazy altar of Hepliaklqana.
  4386 | D:5      | 4386 ||| INVOKING Spit Poison.
  4390 | D:5      | 4390 ||| INVOKING Spit Poison.
  4545 | D:5      | 4545 ||| READING 2 scrolls labelled BAR VUJAIL.
  4546 | D:5      | 4546 ||| DROPPING scroll of fear.
  4591 | D:6      | 4591 ||| INVOKING Spit Poison.
  4594 | D:6      | Reached * piety under Okawaru
  4595 | D:6      | Reached skill level 8 in Ranged Weapons
  4595 | D:6      | Reached XP level 8. HP: 72/72 MP: 8/8
  4602 | D:6      | Found a staircase to the Ecumenical Temple.
  4603 | D:6      | 4603 ||| Stepping ~*~*~tactically~*~*~ (outnumbered).
  4604 | D:6      | 4604 ||| INVOKING Spit Poison.
  4607 | D:6      | 4607 ||| INVOKING Spit Poison.
  4608 | D:6      | 4608 ||| INVOKING Heroism.
  4611 | D:6      | 4611 ||| INVOKING Spit Poison.
  4615 | D:6      | Reached skill level 1 in Invocations
  4616 | D:6      | 4616 ||| INVOKING Spit Poison.
  4621 | D:6      | 4621 ||| INVOKING Spit Poison.
  4707 | D:6      | 4707 ||| INVOKING Spit Poison.
  4729 | D:6      | Found a glowing silver altar of Zin.
  4792 | D:6      | 4792 ||| INVOKING Spit Poison.
  4795 | D:6      | 4795 ||| INVOKING Spit Poison.
  4849 | D:6      | 4849 ||| INVOKING Spit Poison.
  4862 | D:6      | 4862 ||| INVOKING Spit Poison.
  4941 | D:6      | 4941 ||| INVOKING Heroism.
  5043 | D:6      | 5043 ||| INVOKING Heroism.
  5045 | D:6      | 5045 ||| INVOKING Spit Poison.
  5049 | D:6      | Reached skill level 3 in Invocations
  5186 | D:6      | 5186 ||| INVOKING Heroism.
  5187 | D:6      | 5187 ||| INVOKING Spit Poison.
  5190 | D:6      | 5190 ||| INVOKING Spit Poison.
  5248 | D:6      | 5248 ||| INVOKING Spit Poison.
  5328 | D:6      | Found a radiant altar of Vehumet.
  5358 | D:6      | 5358 ||| READING scroll labelled KUCUAF HIBLUXT.
  5359 | D:6      | 5359 ||| READING scroll labelled GYSUQE AHEAGA.
  5360 | D:6      | 5360 ||| DRINKING 2 lumpy sapphire potions.
  5404 | D:7      | 5404 ||| INVOKING Spit Poison.
  5405 | D:7      | 5405 ||| INVOKING Heroism.
  5407 | D:7      | 5407 ||| INVOKING Spit Poison.
  5411 | D:7      | Reached XP level 9. HP: 37/81 MP: 9/12
  5640 | D:7      | Reached skill level 9 in Ranged Weapons
  5730 | D:7      | 5730 ||| INVOKING Spit Poison.
  5737 | D:7      | 5737 ||| INVOKING Spit Poison.
  5887 | D:7      | 5887 ||| INVOKING Spit Poison.
  5890 | D:7      | Reached skill level 3 in Dodging
  5982 | D:7      | 5982 ||| INVOKING Spit Poison.
  6096 | D:7      | 6096 ||| INVOKING Spit Poison.
  6099 | D:7      | 6099 ||| INVOKING Spit Poison.
  6103 | D:7      | 6103 ||| INVOKING Spit Poison.
  6306 | D:7      | 6306 ||| DRINKING 2 clear potions.
  6307 | D:7      | 6307 ||| DRINKING 3 fizzy yellow potions.
  6410 | D:8      | Noticed a two-headed ogre
  6411 | D:8      | 6411 ||| INVOKING Heroism.
  6412 | D:8      | 6412 ||| INVOKING Spit Poison.
  6416 | D:8      | 6416 ||| INVOKING Spit Poison.
  6417 | D:8      | Killed a two-headed ogre
  6417 | D:8      | Reached ** piety under Okawaru
  6574 | D:8      | Noticed a hornet
  6576 | D:8      | 6576 ||| INVOKING Spit Poison.
  6578 | D:8      | Killed a hornet
  6586 | D:8      | 6586 ||| INVOKING Spit Poison.
  6590 | D:8      | 6590 ||| INVOKING Spit Poison.
  6593 | D:8      | Reached skill level 10 in Ranged Weapons
  6608 | D:8      | 6608 ||| INVOKING Heroism.
  6611 | D:8      | Reached XP level 10. HP: 94/94 MP: 10/13
  6650 | D:8      | Found a shimmering blue altar of Sif Muna.
  6697 | D:8      | 6697 ||| INVOKING Spit Poison.
  6700 | D:8      | 6700 ||| INVOKING Heroism.
  6702 | D:8      | 6702 ||| INVOKING Spit Poison.
  6705 | D:8      | 6705 ||| INVOKING Spit Poison.
  6710 | D:8      | 6710 ||| INVOKING Spit Poison.
  6873 | D:8      | Found a glowing golden altar of the Shining One.
  6895 | D:8      | 6895 ||| INVOKING Spit Poison.
  6982 | D:8      | Found a blossoming altar of Fedhas.
  7200 | D:8      | 7200 ||| INVOKING Spit Poison.
  7207 | D:8      | 7207 ||| INVOKING Spit Poison.
  7223 | D:8      | Reached skill level 11 in Ranged Weapons
  7301 | D:8      | Found a bloodstained altar of Trog.
  7402 | D:8      | 7402 ||| READING scroll labelled DAVYMOJUIXU.
  7403 | D:8      | 7403 ||| READING scroll labelled YSAJ RALOBUULOAL.
  7404 | D:8      | 7404 ||| READING scroll labelled WINUTOTA IVACEZY.
  7580 | D:9      | 7580 ||| INVOKING Spit Poison.
  7584 | D:9      | Reached *** piety under Okawaru
  7586 | D:9      | 7586 ||| INVOKING Spit Poison.
  7589 | D:9      | 7589 ||| INVOKING Heroism.
  7589 | D:9      | HP: 22/94 [yak (11)]
  7590 | D:9      | 7590 ||| DRINKING 2 potions of heal wounds.
  7591 | D:9      | 7591 ||| INVOKING Spit Poison.
  7598 | D:9      | 7598 ||| INVOKING Spit Poison.
  7599 | D:9      | HP: 19/96 [yak (8)]
  7600 | D:9      | 7600 ||| DRINKING potion of heal wounds.
  7750 | D:9      | 7750 ||| READING scroll of enchant armour.
  7750 | D:9      | 7750 ||| ENCHANTING +0 helmet.
  7906 | D:9      | 7906 ||| DROPPING +3 shortbow.
  7998 | D:9      | 7998 ||| INVOKING Spit Poison.
  8003 | D:9      | 8003 ||| INVOKING Spit Poison.
  8006 | D:9      | 8006 ||| INVOKING Spit Poison.
  8008 | D:9      | 8008 ||| INVOKING Heroism.
  8009 | D:9      | 8009 ||| INVOKING Spit Poison.
  8012 | D:9      | 8012 ||| INVOKING Spit Poison.
  8241 | D:9      | 8241 ||| INVOKING Spit Poison.
  8246 | D:9      | 8246 ||| INVOKING Spit Poison.
  8250 | D:9      | 8250 ||| INVOKING Spit Poison.
  8256 | D:9      | 8256 ||| INVOKING Spit Poison.
  8351 | D:9      | 8351 ||| DRINKING 2 coppery potions.
  8352 | D:9      | 8352 ||| READING 3 scrolls of identify.
  8352 | D:9      | 8352 ||| IDENTIFYING green potion
  8353 | D:9      | 8353 ||| READING 2 scrolls of identify.
  8353 | D:9      | 8353 ||| IDENTIFYING black potion
  8354 | D:9      | 8354 ||| DROPPING potion of brilliance.
  8474 | D:10     | Entered Level 10 of the Dungeon
  8527 | D:10     | 8527 ||| INVOKING Heroism.
  8529 | D:10     | Reached skill level 12 in Ranged Weapons
  8655 | D:10     | Found a flagged portal.
  8667 | D:10     | Found Vugoluz's Jewellery Shop.
  8683 | D:10     | 8683 ||| BUYING amulet of regeneration (420 gold).
  8683 | D:10     | Bought an amulet of regeneration for 420 gold pieces
  8683 | D:10     | 8683 ||| SHOPLISTING ring of Cynicism {rPois Dex+3} (466
                  | gold, have 74).
  8683 | D:10     | 8683 ||| SHOPLISTING ring of protection from cold (350
                  | gold, have 74).
  8683 | D:10     | 8683 ||| SHOPLISTING ring of protection from fire (350
                  | gold, have 74).
  8683 | D:10     | 8683 ||| SHOPLISTING ring of willpower (350 gold, have 74).
  8739 | D:10     | 8739 ||| INVOKING Spit Poison.
  8740 | D:10     | Reached **** piety under Okawaru
  8746 | D:10     | 8746 ||| INVOKING Heroism.
  8747 | D:10     | 8747 ||| INVOKING Spit Poison.
  8753 | D:10     | 8753 ||| INVOKING Spit Poison.
  9154 | D:10     | Reached XP level 11. HP: 83/103 MP: 14/14
  9218 | D:10     | 9218 ||| SWAPPING to +0 orcbow.
  9219 | D:10     | 9219 ||| DROPPING +1 heavy shortbow.
  9235 | D:10     | Noticed a two-headed ogre
  9236 | D:10     | 9236 ||| INVOKING Heroism.
  9240 | D:10     | 9240 ||| INVOKING Spit Poison.
  9243 | D:10     | Killed a two-headed ogre
  9271 | D:10     | 9271 ||| INVOKING Heroism.
  9272 | D:10     | 9272 ||| INVOKING Spit Poison.
  9278 | D:10     | 9278 ||| INVOKING Spit Poison.
  9440 | D:10     | Found a broken altar of Ashenzari.
  9581 | D:10     | Found a white marble altar of Elyvilon.
  9621 | D:10     | 9621 ||| INVOKING Spit Poison.
  9629 | D:10     | 9629 ||| INVOKING Spit Poison.
  9635 | D:10     | 9635 ||| INVOKING Spit Poison.
  9691 | D:10     | 9691 ||| UPGRADING to +0 troll leather armour.
  9701 | D:10     | 9701 ||| DROPPING +0 acid dragon scales.
  9702 | D:10     | 9702 ||| UPGRADING to amulet of regeneration.
  9707 | D:10     | 9707 ||| READING 2 scrolls of identify.
  9707 | D:10     | 9707 ||| IDENTIFYING brown potion
  9708 | D:10     | 9708 ||| DROPPING potion of enlightenment.
  9718 | D:11     | Noticed a boulder beetle
  9719 | D:11     | 9719 ||| INVOKING Heroism.
  9720 | D:11     | 9720 ||| INVOKING Spit Poison.
  9728 | D:11     | 9728 ||| INVOKING Spit Poison.
  9732 | D:11     | 9732 ||| INVOKING Spit Poison.
  9733 | D:11     | Killed a boulder beetle
  9744 | D:11     | 9744 ||| INVOKING Spit Poison.
  9747 | D:11     | 9747 ||| INVOKING Spit Poison.
  9753 | D:11     | 9753 ||| INVOKING Spit Poison.
  9779 | D:11     | 9779 ||| INVOKING Spit Poison.
  9784 | D:11     | 9784 ||| INVOKING Spit Poison.
  9787 | D:11     | Reached skill level 13 in Ranged Weapons
  9791 | D:11     | 9791 ||| INVOKING Spit Poison.
  9807 | D:11     | 9807 ||| INVOKING Spit Poison.
  9812 | D:11     | 9812 ||| INVOKING Spit Poison.
  9817 | D:11     | 9817 ||| INVOKING Spit Poison.
  9840 | D:11     | 9840 ||| READING scroll of brand weapon.
  9840 | D:11     | 9840 ||| BRANDING +0 orcbow.
  9857 | D:11     | 9857 ||| INVOKING Spit Poison.
  9861 | D:11     | 9861 ||| INVOKING Spit Poison.
  9890 | D:11     | 9890 ||| INVOKING Heroism.
  9931 | D:11     | 9931 ||| INVOKING Heroism.
  9987 | D:11     | Noticed Fannar
  9990 | D:11     | 9990 ||| INVOKING Spit Poison.
  9991 | D:11     | 9991 ||| INVOKING Heroism.
  9996 | D:11     | Killed Fannar
  9997 | D:11     | 9997 ||| INVOKING Spit Poison.
 10016 | D:11     | 10016 ||| INVOKING Heroism.
 10018 | D:11     | 10018 ||| INVOKING Spit Poison.
 10052 | D:11     | 10052 ||| INVOKING Spit Poison.
 10057 | D:11     | 10057 ||| INVOKING Heroism.
 10059 | D:11     | 10059 ||| INVOKING Spit Poison.
 10065 | D:11     | 10065 ||| INVOKING Spit Poison.
 10088 | D:11     | Found an ornate altar of the Wu Jian Council.
 10099 | D:11     | 10099 ||| INVOKING Heroism.
 10102 | D:11     | Reached skill level 9 in Fighting
 10125 | D:11     | Found a staircase to the Lair.
 10144 | D:11     | 10144 ||| INVOKING Spit Poison.
 10148 | D:11     | 10148 ||| INVOKING Heroism.
 10149 | D:11     | 10149 ||| INVOKING Spit Poison.
 10205 | D:11     | 10205 ||| INVOKING Heroism.
 10219 | D:11     | Noticed a two-headed ogre
 10221 | D:11     | 10221 ||| INVOKING Spit Poison.
 10225 | D:11     | Killed a two-headed ogre
 10229 | D:11     | 10229 ||| INVOKING Spit Poison.
 10266 | D:11     | 10266 ||| READING 3 scrolls of identify.
 10266 | D:11     | 10266 ||| IDENTIFYING amethyst potion
 10267 | D:11     | 10267 ||| READING 2 scrolls of identify.
 10267 | D:11     | 10267 ||| IDENTIFYING sapphire potion
 10268 | D:11     | 10268 ||| DROPPING potion of invisibility.
 10269 | D:11     | 10269 ||| DROPPING potion of degeneration.
 10291 | D:11     | Noticed a brown ugly thing
 10293 | D:11     | 10293 ||| INVOKING Spit Poison.
 10297 | D:11     | 10297 ||| INVOKING Spit Poison.
 10298 | D:11     | Killed a brown ugly thing
 10299 | D:11     | Reached skill level 6 in Invocations
 10342 | D:11     | 10342 ||| INVOKING Spit Poison.
 10401 | D:11     | 10401 ||| INVOKING Spit Poison.
 10410 | D:11     | 10410 ||| INVOKING Heroism.
 10412 | D:11     | 10412 ||| INVOKING Spit Poison.
 10427 | D:11     | Found a staircase to the Orcish Mines.
 10437 | D:11     | 10437 ||| INVOKING Spit Poison.
 10440 | D:11     | 10440 ||| INVOKING Heroism.
 10442 | D:11     | 10442 ||| INVOKING Spit Poison.
 10445 | D:11     | 10445 ||| INVOKING Spit Poison.
 10451 | D:11     | Reached XP level 12. HP: 65/114 MP: 14/17
 10603 | D:11     | 10603 ||| INVOKING Heroism.
 10683 | D:11     | 10683 ||| INVOKING Heroism.
 11086 | D:11     | Noticed a two-headed ogre
 11089 | D:11     | Killed a two-headed ogre
 11247 | D:11     | 11247 ||| PLANNING LAIR
 11247 | D:11     | 11247 ||| DRINKING 2 fizzy pink potions.
 11297 | D:11     | 11297 ||| DROPPING potion of lignification.
 11346 | Lair:1   | Entered Level 1 of the Lair of Beasts
 11375 | Lair:1   | 11375 ||| INVOKING Heroism.
 11382 | Lair:1   | Received a gift from Okawaru
 11457 | Lair:1   | 11457 ||| READING scroll of enchant weapon.
 11457 | Lair:1   | 11457 ||| ENCHANTING +0 heavy orcbow.
 11490 | Lair:1   | 11490 ||| READING scroll labelled ULOROETY BOUH.
 11491 | Lair:1   | 11491 ||| READING 2 scrolls of identify.
 11491 | Lair:1   | 11491 ||| IDENTIFYING emerald potion
 11534 | Lair:1   | Found a large runed translucent door.
 11534 | Lair:1   | Found a large runed translucent door.
 11539 | Lair:1   | Noticed qw's ghost (novice GrHu)
 11553 | Lair:1   | 11553 ||| INVOKING Heroism.
 11557 | Lair:1   | HP: 25/114 [elephant (8)]
 11558 | Lair:1   | 11558 ||| READING scroll of teleportation.
 11584 | Lair:1   | Reached skill level 14 in Ranged Weapons
 11601 | Lair:1   | Reached skill level 9 in Invocations
 11765 | Lair:1   | Reached ***** piety under Okawaru
 12152 | Lair:2   | Noticed an eight-headed hydra
 12153 | Lair:2   | 12153 ||| INVOKING Heroism.
 12154 | Lair:2   | 12154 ||| INVOKING Finesse.
 12157 | Lair:2   | Killed an eight-headed hydra
 12191 | Lair:2   | Noticed Nergalle
 12192 | Lair:2   | 12192 ||| INVOKING Heroism.
 12208 | Lair:2   | Killed Nergalle
 12250 | Lair:2   | Noticed Harold
 12251 | Lair:2   | 12251 ||| INVOKING Heroism.
 12269 | Lair:2   | 12269 ||| INVOKING Heroism.
 12274 | Lair:2   | Killed Harold
 12274 | Lair:2   | Received a gift from Okawaru
 12335 | Lair:2   | Gained mutation: You can use your snake-like lower body to
                  | constrict enemies. [Naga growth]
 12335 | Lair:2   | Reached XP level 13. HP: 118/123 MP: 20/20
 12488 | Lair:2   | 12488 ||| INVOKING Heroism.
 12841 | Lair:2   | Noticed Urug
 12842 | Lair:2   | 12842 ||| INVOKING Heroism.
 12843 | Lair:2   | 12843 ||| INVOKING Finesse.
 12851 | Lair:2   | Killed Urug
 12852 | Lair:2   | Reached skill level 15 in Ranged Weapons
 12890 | Lair:2   | Found a staircase to the Swamp.
 13074 | Lair:2   | 13074 ||| READING scroll labelled UNYCZU JAOR.
 13075 | Lair:2   | 13075 ||| DRINKING 2 sedimented emerald potions.
 13093 | Lair:3   | 13093 ||| INVOKING Heroism.
 13369 | Lair:3   | Found a dark tunnel.
 13405 | Lair:3   | You fall into a shaft and drop 2 floors!
 13405 | Lair:5   | Entered Level 5 of the Lair of Beasts
 13425 | Lair:5   | Identified the +5 scale mail of Lilacs {+Blink rElec}
 13434 | Lair:5   | 13434 ||| INVOKING Heroism.
 13439 | Lair:5   | Reached skill level 6 in Dodging
 13449 | Lair:5   | 13449 ||| INVOKING Heroism.
 13453 | Lair:5   | Reached skill level 3 in Armour
 13486 | Lair:5   | 13486 ||| INVOKING Heroism.
 13510 | Lair:5   | HP: 28/123 [death yak (12)]
 13512 | Lair:5   | HP: 4/123 [death yak (16)]
 13513 | Lair:5   | HP: 1/123 [yak (5)]
 13516 | Lair:5   | Mangled by a death yak

Levels and vault maps discovered:
D:1:      spicycebolla_green_bress_n_ham_2, layout_rooms, serial_shops,
          nicolae_shop_tiny_glass
D:2:      layout_loops_ring, serial_shops, shop, shop, nicolae_shop_waterfront,
          shop
D:3:      layout_basic, dk_yredelemnul_ordeal,
          mainiacjoe_overflow_six_doors_small, lemuel_flame_loot_1, uniq_ijyb
D:4:      layout_loops_ring, nemelex_spade_bored_becter, lemuel_tele_altar,
          grunt_ministairs_5, uniq_eustachio
D:5:      layout_rooms, lemuel_coloured_pillars_altar, serial_corexii_hall,
          corexii_hall_statues_l, corexii_hall_statues_x
D:6:      minmay_general_purpose_star, layout_loops_ring,
          mainiacjoe_overflow_brackets, mainiacjoe_overflow_chevrons,
          temple_doors_e
D:7:      layout_cave_pods, grunt_ministairs_6
D:8:      layout_basic, tso_metal_star, kennysheep_little_box,
          lightli_temple_of_fire, fedhas_altar_decomposition
D:9:      layout_small_grid, serial_rivers, chequers_serial_rivers_room_a,
          chequers_serial_rivers_large_a, chequers_serial_rivers_micro_b,
          chequers_serial_rivers_small_b
D:10:     layout_loops_corners, mainiacjoe_overflow_alcove_2,
          cheibrodos_ashenzari_chains, serial_shops, shop, enter_bailey_3
D:11:     kennysheep_town, uniq_fannar
Lair:1:   layout_gridlike, ebering_ghost_disaster_area
Lair:2:   layout_chaotic_city, swamp_mist, uniq_urug, uniq_harold, uniq_nergalle
Lair:3:   layout_cave_pods, dummy_snake_entry, enter_volcano_4,
          minmay_lindwurm_lava
Lair:5:   evilmike_catoblepas_cave, layout_regular_city,
          gammafunk_lair_bear_cave, lemuel_fruit_fields, lemuel_fruit_fields,
          uniq_rupert

Skill      XL: |  1  2  3  4  5  6  7  8  9 10 11 12 13 |
---------------+----------------------------------------+-----
Ranged Weapons | 4 5 6 8 10 12 13 14 15 | 15.3
Fighting       | 3 4 5 7 8 9 10 | 10.0
Dodging        | 2 3 4 5 6 |  6.0
Armour         | 1 2 3 |  3.1
Invocations    | 4 6 10 | 10.0
Stealth        | |  1.5

Action                     |  1- 3 |  4- 6 |  7- 9 | 10-12 | 13-15 || total
---------------------------+-------+-------+-------+-------+-------++-------
   Fire: Shortbow          |    52 |   127 |   151 |   134 |       ||   464
         Orcbow            |       |       |       |   382 |   129 ||   511
 Invoke: Heroism           |       |       |     7 |    26 |     6 ||    39
         Finesse           |       |       |       |     1 |     1 ||     2
Ability: Spit Poison       |    14 |    46 |    44 |    61 |       ||   165
    Use: Scroll            |     5 |     2 |     4 |    14 |     1 ||    26
         Potion            |       |       |     3 |     4 |     1 ||     8
 Armour: Leather armour    |     2 |    30 |    34 |    50 |       ||   116
         Troll leather arm |       |       |       |    71 |    26 ||    97
  Dodge: Dodged            |    11 |    33 |    59 |   223 |    88 ||   414

Table legend:
 A = Non-vault XP
 B = Vault XP
 C = Vault XP percentage of total XP
 D = Non-vault monster count
 E = Vault monster count
 F = Vault count percentage of total count
                 A         B        C        D         E       F
            +---------+---------+-------+---------+---------+-------
      Total |   27662 |   13485 |  32.8 |     291 |      72 |  19.8
            +---------+---------+-------+---------+---------+-------
        D:1 |      57 |       0 |   0.0 |      27 |       0 |   0.0
        D:2 |      97 |       0 |   0.0 |      24 |       0 |   0.0
        D:3 |     184 |      89 |  32.6 |      30 |       4 |  11.8
        D:4 |     147 |     198 |  57.4 |      13 |       2 |  13.3
        D:5 |     424 |       0 |   0.0 |      16 |       0 |   0.0
        D:6 |     878 |      43 |   4.7 |      17 |       1 |   5.6
        D:7 |     716 |     154 |  17.7 |      17 |       2 |  10.5
        D:8 |    2675 |       0 |   0.0 |      34 |       0 |   0.0
        D:9 |    2522 |       0 |   0.0 |      21 |       0 |   0.0
       D:10 |    2396 |       6 |   0.2 |      14 |       4 |  22.2
       D:11 |    3956 |    6465 |  62.0 |      20 |      45 |  69.2
     Lair:1 |    7751 |       0 |   0.0 |      27 |       0 |   0.0
     Lair:2 |    4497 |    2407 |  34.9 |      24 |       3 |  11.1
     Lair:3 |    1362 |       0 |   0.0 |       7 |       0 |   0.0
     Lair:5 |       0 |    4123 | 100.0 |       0 |      11 | 100.0
            +---------+---------+-------+---------+---------+-------
